 Dungeon Crawl Stone Soup version 0.19.1 (webtiles) character file.

178 Mefis the Magician (level 5, -1/29 HPs)
             Began as a Deep Elf Wizard on Dec 19, 2016.
             Slain by a quokka (2 damage)
             ... on level 3 of the Dungeon.
             The game lasted 00:07:25 (3600 turns).

Mefis the Magician (Deep Elf Wizard)                Turns: 3600, Time: 00:07:26

Health: -1/29      AC:  4    Str:  4    XL:     5   Next: 32%
Magic:  2/14       EV: 13    Int: 24    God:
Gold:   61         SH:  0    Dex: 13    Spells: 6 memorised, 1 level left

rFire  . . .     SeeInvis .     B - +0 dagger
rCold  . . .     Gourm    .     a - +0 robe
rNeg   . . .     Faith    .     (no shield)
rPois  .         Spirit   .     b - +0 hat
rElec  .         Reflect  .     (no cloak)
rCorr  .         Harm     .     (no gloves)
MR     .....                    (no boots)
Stlth  ++........               (no amulet)
                                n - ring of wizardry
                                r - +2 ring of protection

@: repel missiles
A: no striking features
a: no special abilities


You were on level 3 of the Dungeon.
You were very hungry.

You visited 1 branch of the dungeon, and saw 5 of its levels.

You collected 61 gold pieces.

Inventory:

Hand Weapons
 j - a +0 hunting sling
 B - a +0 dagger (weapon)
Missiles
 l - 45 sling bullets
 m - 7 curare-tipped needles
Armour
 a - a +0 robe (worn)
 b - a +0 hat (worn)
 v - a +0 buckler
Jewellery
 f - a +3 ring of strength
 n - a ring of wizardry (right hand)
 o - an uncursed ring of wizardry
 r - a +2 ring of protection (left hand)
Scrolls
 e - a scroll of remove curse {unknown}
 k - a scroll of fear {unknown}
 p - a scroll of fog {unknown}
 q - 2 scrolls of magic mapping {unknown}
 t - 2 scrolls of enchant armour {unknown}
 x - 2 scrolls of identify {unknown}
 y - a scroll of recharging {unknown}
 A - 2 scrolls of enchant weapon {unknown}
 C - a scroll of random uselessness {unknown}
Potions
 h - a potion of haste {unknown}
 i - 2 potions of heal wounds {unknown}
 s - a potion of curing {unknown}
 u - a potion of degeneration {unknown}
 w - a potion of ambrosia {unknown}
Books
 c - a book of Minor Magic

   Spells                             Type                      Level
   a - Magic Dart                     Conjuration                  1
   b - Blink                          Translocation                2
   c - Call Imp                       Summoning                    2
   d - Repel Missiles                 Charms/Air                   2
   e - Slow                           Hexes                        2
   f - Conjure Flame                  Conjuration/Fire             3
   g - Mephitic Cloud                 Conjuration/Poison/Air       3
Comestibles
 d - 2 bread rations
 g - a meat ration
 z - a beef jerky


   Skills:
 + Level 1.4 Fighting
 + Level 3.5 Dodging
 + Level 2.9 Stealth
 + Level 0.5 Shields
 * Level 5.4 Spellcasting
 + Level 2.2 Conjurations
 - Level 1.1 Summonings
 - Level 1.1 Translocations
 + Level 1.3 Air Magic
 + Level 1.4 Poison Magic


You had one spell level left.
You knew the following spells:

 Your Spells              Type           Power        Failure   Level  Hunger
a - Magic Dart            Conj           ###.         1%          1    None
b - Call Imp              Summ           ##......     4%          2    None
c - Blink                 Tloc           N/A          4%          2    None
d - Repel Missiles        Chrm/Air       #.....       4%          2    None
e - Mephitic Cloud        Conj/Pois/Air  ##......     6%          3    ##.....
f - Conjure Flame         Conj/Fire      ##......     9%          3    ##.....


Dungeon Overview and Level Annotations

Branches:
Dungeon (5/15)
 Temple: D:4-7

Altars:
Ashenzari

Annotations:
D:4 Eustachio
D:5 dscm's ghost, novice OpSk


Message History

The iguana is moderately wounded.
Your shadow imp closely misses the iguana.
The iguana bites you!
* * * LOW HITPOINT WARNING * * *
Your shadow imp hits the iguana but does no damage.
The iguana bites your shadow imp!
Your shadow imp dies!
You see here a ball python corpse.
Found a chain mail.
Casting: Magic Dart
Confirm with . or Enter, or press ? or * to list all spells.
You blink.
A quokka comes into view.
Found a stone staircase leading up.
An orc wizard comes into view. It is wielding a dagger.
The quokka bites you.
* * * LOW HITPOINT WARNING * * *
The quokka completely misses you. The quokka bites you.
You die...

...>#.##.......
.##.....#)..#..
##...##........
#...÷## ...#..
#†##.## ..... ...
#..##############
##.
##.†............###
#.
#####............#
..
#...l..@r..#....o
.# ##.[....#### ...
# #.......# #
#.......#
#.........#
#.........#
<..........
#..........#
#..........#


You could see an iguana and a quokka.

Vanquished Creatures
  A bullfrog zombie (D:5)
  An adder (D:3)
  3 oozes (D:1)
  A worm (D:2)
  2 dart slugs
  2 leopard geckos
  5 orcs (D:3)
  2 ball pythons (D:3)
  3 giant cockroaches
  9 goblins
  6 hobgoblins
  6 jackals
  A quokka (D:3)
  6 bats
  5 frilled lizards
  3 kobolds (D:1)
  6 rats
62 creatures vanquished.

Vanquished Creatures (collateral kills)
  A crimson imp (D:5)
  An orc wizard (D:2)
  The ghost of dscm the Charmwright, a weakling OpSk (D:3)
  An orc (D:3)
  A giant cockroach (D:1)
  A quokka (D:3)
6 creatures vanquished.

Grand Total: 68 creatures vanquished

Notes
Turn   | Place    | Note
-------+----------+-------------------------------------------
     0 | D:1      | Mefis the Deep Elf Wizard began the quest for the Orb.
     0 | D:1      | Reached XP level 1. HP: 10/10 MP: 7/7
   248 | D:1      | Reached XP level 2. HP: 15/15 MP: 4/9
   253 | D:1      | Learned a level 2 spell: Call Imp
   256 | D:1      | Learned a level 2 spell: Blink
   259 | D:1      | Learned a level 2 spell: Repel Missiles
   543 | D:1      | Reached skill level 5 in Spellcasting
   729 | D:1      | Reached XP level 3. HP: 20/20 MP: 6/11
   734 | D:1      | Learned a level 3 spell: Mephitic Cloud
  2071 | D:2      | Reached skill level 1 in Fighting
  2406 | D:3      | Reached XP level 4. HP: 25/25 MP: 10/13
  2409 | D:3      | Noticed dscm's ghost (weakling OpSk)
  2927 | D:2      | Learned a level 3 spell: Conjure Flame
  2936 | D:3      | Killed dscm's ghost
  2936 | D:3      | Reached skill level 1 in Poison Magic
  3151 | D:3      | You fall through a shaft for 2 floors!
  3151 | D:5      | Entered Level 5 of the Dungeon
  3151 | D:5      | Found a shattered altar of Ashenzari.
  3179 | D:5      | Reached XP level 5. HP: 20/29 MP: 0/14
  3301 | D:4      | Noticed Eustachio
  3330 | D:5      | Reached skill level 1 in Air Magic
  3548 | D:5      | Noticed dscm's ghost (novice OpSk)
  3551 | D:5      | Noticed a sky beast
  3598 | D:3      | HP: 1/29 [quokka (5)]
  3600 | D:3      | Slain by a quokka

Skill      XL: |  1  2  3  4  5 |
---------------+----------------+-----
Spellcasting   | 5 |  5.4
Dodging        | 3 |  3.5
Fighting       | 1 |  1.4
Conjurations   | 2 |  2.2
Poison Magic   | 1 |  1.4
Air Magic      | 1 |  1.3
Stealth        | |  2.9
Shields        | |  0.5
Summonings     | |  1.1
Translocations | |  1.1

Action                   |  1- 3 |  4- 6 || total
-------------------------+-------+-------++-------
Melee: Unarmed           |    21 |     9 ||    30
       Dagger            |       |    17 ||    17
 Cast: Magic Dart        |   129 |    64 ||   193
       Call Imp          |     1 |     6 ||     7
       Repel Missiles    |     1 |       ||     1
       Blink             |       |     4 ||     4
       Mephitic Cloud    |       |     2 ||     2
 Stab: Distracted        |       |     1 ||     1
       Sleeping          |       |     1 ||     1
  Eat: Chunk             |     4 |     3 ||     7
Armor: Robe              |     8 |    17 ||    25
Dodge: Dodged            |    28 |    29 ||    57
